 Dungeon Crawl Stone Soup version 0.16-b1 (webtiles) character file.

109 McCoppin the Cudgeler (level 4, -1/42 HPs)
             Began as a Naga Chaos Knight on Mar 14, 2015.
             Slain by a gnoll
             ... wielding a +0 whip
              (5 damage)
             ... on level 2 of the Dungeon.
             The game lasted 00:05:30 (1029 turns).

McCoppin the Cudgeler (Naga Chaos Knight)           Turns: 1029, Time: 00:05:30

Health: -1/42      AC:  3    Str: 15    XL:     4   Next: 90%
Magic:  4/4        EV:  9    Int: 13    God:    Xom [....*.]
Gold:   52         SH:  0    Dex: 10    Spells: 0 memorised, 3 levels left

rFire  . . .     SeeInvis +     a - +0 mace (chaos)
rCold  + . .     Clarity  .     s - +0 leather armour (curse)
rNeg   . . .     SustAb   .     (no shield)
rPois  +         Gourm    .     (no helmet)
rElec  .         Spirit   .     (no cloak)
rCorr  .         Warding  .     (no gloves)
rMut   .         Stasis   .     (no barding)
MR     .....                    (no amulet)
Stlth  +.........               (no ring)
                                e - ring of protection from cold

@: very slow, not resistant to hostile enchantments, very unstealthy
A: spit poison, see invisible, deformed body, poison resistance, slowness 2, AC
+1
a: Spit Poison, Renounce Religion


You were on level 2 of the Dungeon.
You worshipped Xom.
You were a beloved toy of Xom.
You were hungry.

You visited 1 branch of the dungeon, and saw 2 of its levels.

You collected 52 gold pieces.

Inventory:

Hand weapons
 a - a +0 mace of chaos (weapon)
 t - a +0 whip
Missiles
 o - 15 poisoned needles
Armour
 b - a +2 leather armour
 h - a +0 plate armour
 s - a cursed +0 leather armour (worn)
Jewellery
 e - a ring of protection from cold (left hand)
Scrolls
 d - a scroll of teleportation {unknown}
 f - a scroll of magic mapping {unknown}
 i - 2 scrolls of identify {unknown}
 j - a scroll of enchant armour {unknown}
 k - a scroll of immolation {unknown}
 m - a scroll of blinking {unknown}
Potions
 g - a potion of brilliance {unknown}
 l - a potion of mutation {unknown}
 n - 2 potions of invisibility {unknown}
Books
 p - Kikubaaqudgha's Disquisition on Dark Magic
   (You found it on level 2 of the Dungeon)

   Spells                             Type                      Level
   a - Pain                           Necromancy                   1
 q - Sif Muna's Volume of Shape Shifting
   (You found it on level 2 of the Dungeon)

   Spells                             Type                      Level
   a - Beastly Appendage              Transmutation                1
 r - Vehumet's Collected Works on Conjuration
   (You found it on level 2 of the Dungeon)

   Spells                             Type                      Level
   a - Magic Dart                     Conjuration                  1
Comestibles
 c - 2 bread rations


   Skills:
 - Level 3.0 Fighting
 + Level 5.4 Maces & Flails
 - Level 1.5 Armour
 - Level 0.7 Dodging


You had 3 spell levels left.
You didn't know any spells.

Dungeon Overview and Level Annotations

Branches:
Dungeon (2/15)

Altars:
Kikubaaqudgha
Sif Muna
Vehumet


Innate Abilities, Weirdness & Mutations

You cannot wear boots.
You can spit poison.
Your serpentine skin is tough (AC +1).
You have supernaturally acute eyesight.
Armour fits poorly on your strangely shaped body.
Your system is resistant to poisons.
You cover ground very slowly.


Message History

You barely miss the gnoll.
The gnoll is severely wounded.
The gnoll hits you with a spear!
* * * LOW HITPOINT WARNING * * *
You hit the gnoll.
You kill the gnoll!
You hit the gnoll but do no damage. The gnoll barely misses you.
The gnoll hits you but does no damage.
You hit the gnoll.
You feel better.
The gnoll is lightly wounded.
The gnoll closely misses you.
You hit the gnoll.
The gnoll seems to speed up.
Xom thinks this is hilarious!
The gnoll is moderately wounded.
The gnoll hits you with a whip.
* * * LOW HITPOINT WARNING * * *
You barely miss the gnoll.
The gnoll is moderately wounded.
The gnoll hits you with a whip.
You die...

### #.# #.# ######.####
#.........# #.####.##@# #.#
#.##g# #.# #..........# #.#
#.# #.###......#### #.#
#.####.# #.........# ##.#
#......###.....gg..#
##.#####.##.#.#...........#
.........##.#.............#
...#####..................#


You could see a gnoll.

Vanquished Creatures
  Jessica (D:2)
  3 gnolls (D:2)
  3 adders (D:2)
  A worm (D:2)
  2 oozes
  4 bats
  2 jackals (D:2)
  7 kobolds
  A ball python (D:2)
  4 giant newts
  2 goblins (D:1)
  A quokka (D:2)
  3 rats (D:2)
34 creatures vanquished.

Notes
Turn   | Place    | Note
--------------------------------------------------------------
     0 | D:1      | McCoppin, the Naga Chaos Knight, began the quest for the Orb.
     0 | D:1      | Reached XP level 1. HP: 21/21 MP: 1/1
    21 | D:1      | XOM: harmless Tloc miscast
   171 | D:1      | Reached XP level 2. HP: 20/28 MP: 2/2
   214 | D:1      | XOM: silly message
   395 | D:2      | Noticed Jessica
   395 | D:2      | XOM: divination: detect creatures
   401 | D:2      | Killed Jessica
   401 | D:2      | Reached skill level 4 in Maces & Flails
   401 | D:2      | Reached XP level 3. HP: 30/34 MP: 3/3
   635 | D:2      | XOM: silly message
   717 | D:2      | Found an ancient bone altar of Kikubaaqudgha.
   721 | D:2      | Identified Kikubaaqudgha's Disquisition on Dark Magic
   725 | D:2      | Found a deep blue altar of Sif Muna.
   729 | D:2      | Identified Sif Muna's Volume of Shape Shifting
   733 | D:2      | Found a radiant altar of Vehumet.
   737 | D:2      | Identified Vehumet's Collected Works on Conjuration
   825 | D:2      | Reached XP level 4. HP: 38/42 MP: 4/4
   876 | D:2      | Reached skill level 5 in Maces & Flails
  1029 | D:2      | Slain by a gnoll

Action                   |  1- 3 |  4- 6 || total
-------------------------+-------+-------++-------
Melee: Mace              |    84 |    24 ||   108
 Stab: Paralysed         |     2 |       ||     2
